 Dungeon Crawl Stone Soup version 0.31.0-12-g77e489cdc1 (webtiles) character file.

Game seed: 8529783955999232243

17 Gadfly the Trooper (level 2, 0/48 HPs)
             Began as an Oni Berserker on Feb 23, 2024.
             Was a Follower of Trog.
             Slain by a goblin
             ... wielding a +0 dagger of freezing
              (1 damage)
             ... on level 1 of the Dungeon.
             The game lasted 00:00:27 (236 turns).

Gadfly the Trooper (Oni Berserker)                   Turns: 236, Time: 00:00:28

Health: 0/48       AC:  3    Str: 20    XL:     2   Next: 62%
Magic:  2/2        EV: 10    Int:  8    God:    Trog [*.....]
Gold:   26         SH:  0    Dex:  8    Spells: 1/1 levels left

rFire   . . .        a - +0 mace
rCold   . . .        (no shield)
rNeg    . . .        b - +0 animal skin
rPois   .            (helmet restricted)
rElec   .            (no cloak)
rCorr   .            (gloves unavailable)
SInv    .            (boots unavailable)
Will    .....        (no amulet) Stlth
                     (no ring)
HPRegen 0.28/turn    (no ring)
MPRegen 0.08/turn

%: no passive effects
@: berserking, very quick
A: large, unfitting armour, horns 1, tough skin 1, double potion healing,
drunken brawling
a: Renounce Religion, Berserk


You were on level 1 of the Dungeon.
You worshipped Trog.
Trog was aware of your devotion.
You visited 1 branch of the dungeon, and saw 1 of its levels.

You collected 26 gold pieces.

Inventory:

Hand Weapons
 a - a +0 mace (weapon)
Armour
 b - a +0 animal skin (worn)
Scrolls
 d - a scroll of immolation {unknown}


   Skills:
 + Level 4.2 Fighting
 * Level 3.2 Maces & Flails
 * Level 0.7 Armour
 - Level 2.6 Dodging
 * Level 0.7 Evocations


You had one spell level left.
You didn't know any spells.
Your spell library was empty.

Dungeon Overview and Level Annotations

Branches:
Dungeon (1/15)

Altars:


Innate Abilities, Weirdness & Mutations

You are too large for most types of armour.
You have a pair of small horns on your head.
You have tough skin. (AC +1)
You gain doubled healing and magic from potions.
Whenever you drink a healing potion, you attack all around you.


Message History

The jackal barely misses you. The jackal bites you.
* * * LOW HITPOINT WARNING * * *
You hit the jackal but do no damage.
The jackal is heavily wounded.
The jackal bites you but does no damage.
You hit the jackal.
You kill the jackal!
Trog accepts your kill.
You barely miss the jackal. The jackal closely misses you.
The jackal bites you.
* * * LOW HITPOINT WARNING * * *
You barely miss the jackal. The jackal barely misses you.
The jackal closely misses you.
You barely miss the jackal.
You headbutt the jackal, but do no damage.
The jackal bites you but does no damage.
It was a potion of cancellation.
You feel magically purged.
The jackal bites you but does no damage.
The jackal bites you.
* * * LOW HITPOINT WARNING * * *
You closely miss the jackal.
The jackal bites you but does no damage.
The jackal bites you.
* * * LOW HITPOINT WARNING * * *
You barely miss the jackal. The jackal closely misses you.
You hit the jackal. You headbutt the jackal.
You kill the jackal!
Trog accepts your kill.
A red film seems to cover your vision as you go berserk!
You feel yourself moving faster!
You feel mighty! The kobold closely misses you.
You completely miss the kobold. Your headbutt misses the kobold.
The kobold hits you with a +0 dagger.
* * * LOW HITPOINT WARNING * * *
You thump the kobold!
You kill the kobold!
Trog accepts your kill.
You barely miss the goblin.
The goblin hits you with a +0 dagger of freezing.
You die...

#. #.....#..##......#..
#.# #.....##..'......#..
...#........##......#..
#.#?.......##......#..
#..........####'####..
..###...#....####..###..
........#............#..
...)..#g#.....#####†.#..
......#@#####.# #†.#..
##.## #......... #.....
.. ..#####.##. #..... #
.#.# ####.. #.#.# ###..
# #.# ..... #.# ####.
#.# #. . ##


You could see a goblin.

Vanquished Creatures
  10 jackals (D:1)
  A quokka (D:1)
  A frilled lizard (D:1)
  2 kobolds (D:1)
14 creatures vanquished.

Notes
Turn   | Place    | Note
-------+----------+-------------------------------------------
     0 | D:1      | Gadfly the Oni Berserker began the quest for the Orb.
     0 | D:1      | Reached XP level 1. HP: 24/24 MP: 1/1
   147 | D:1      | Reached XP level 2. HP: 30/32 MP: 2/2
   230 | D:1      | HP: 1/32 [jackal (3)]
   236 | D:1      | Slain by a goblin

Illustrated notes

Levels and vault maps discovered:
D:1:      minmay_arrival_four_houses, layout_basic

Action                     || total
---------------------------++-------
  Melee: Mace              ||    43
         Headbutt          ||     6
 Invoke: Berserk           ||     1
    Use: Potion            ||     1
 Armour: Animal skin       ||    53
  Dodge: Dodged            ||    44
